[Event "Late-Titled-Tuesday-Blitz-August-29-2023"]
[Site "Chess.com"]
[Date "2023.08.29"]
[Round "7"]
[White "Fandorine"]
[Black "GM_shahin"]
[Result "1-0"]
[WhiteElo "2923"]
[BlackElo "2715"]
[TimeControl "180+1"]
[EndTime "15:16:59 PDT"]
[Termination "Fandorine won by resignation"]

1. Nf3 d5 2. c4 d4 3. b4 c5 4.
g3 cxb4 5. Bg2 Nc6 6. O-O e5 7. a3 bxa3 8. d3 Nf6 9. Bxa3 Bxa3 10. Nxa3 O-O 11. Qb3 Re8 12. Nd2 a5 13. Rfb1 Qe7 14. Nc2 h5 15. Qa3 Qc7 16. Rb5 h4 17. Rab1 h3 18.
Bf3 Rb8 19. Bxc6 Qxc6 20. f3 Nd7 21. Rxa5 b6 22. Rab5 Ra8 23. Qb2 Qh6 24. Nf1 Bb7 25. Nb4 Ra5 26. Rxa5 bxa5 27. Nc2 Bc6 28. Qa3 a4 29. Kf2 g5 30. g4 Qf6 31. Ng3 Qf4 32.
Qc1 Nc5 33. Qxf4 gxf4 34. Nf5 Ra8 35. Na3 Kf8 36. Rb6 Bd7 37. Nd6 Ra6 38. Rb8+ Ke7 39. Ndb5 Nb3 40. Ke1 Bxb5 41. cxb5 Rd6 42. b6 Kd7 43.
Rb7+ Kc6 44. Rxf7 Kxb6 45. Nc4+ Kc5 46. Nxd6 Kxd6 47. Ra7 Nc5 48. g5 Ke6 49. g6 Kf6 50. g7 1-0

[Event "Late-Titled-Tuesday-Blitz-August-29-2023"]
[Site "Chess.com"]
[Date "2023.08.29"]
[Round "7"]
[White "komogro"]
[Black "Fh2411"]
[Result "1-0"]
[WhiteElo "2496"]
[BlackElo "2625"]
[TimeControl "180+1"]
[EndTime "15:16:59 PDT"]
[Termination "komogro won by resignation"]

1. Nf3 d5 2. g3 c6 3. Bg2 Bf5 4.
c4 e6 5. Qb3 Qb6 6. d3 Nd7 7. Be3 Bc5 8. Bxc5 Nxc5 9. Qa3 a5 10.
O-O Qb4 11. cxd5 exd5 12. Qc3 Qxc3 13. Nxc3 Nf6 14. Nd4 Bg6 15. Rac1 Nfd7 16. h3 O-O 17. b3 Rfe8 18. Rfe1 h6 19. f4 f6 20. Kf2 Bxd3 21. exd3 Nxd3+ 22. Kf1 Rxe1+ 23. Rxe1 Nxe1 24. Kxe1 g6 25. Kd2 Kf7 26. Bf3 f5 27. Be2 Nf6 28. Nf3 Rg8 29. Ne5+ Ke6 30. Ke3 c5 31. Na4 Ne4 32.
Bf3 Kd6 33. Bxe4 fxe4 34. Nf7+ Kc6 35. Ne5+ Kb5 36. Nc3+ Kb4 37. Nxd5+ Ka3 38. Nc3 g5 39. Nc4+ Kb4 40. Nd5+ Kb5 41. a4+ Ka6 42. f5 Rd8 43. Kxe4 Re8+ 44. Ne5 Ka7 45. f6 b5 46. Nc7 Rf8 47. Nxb5+ Kb7 48. f7 1-0

[Event "Late-Titled-Tuesday-Blitz-August-29-2023"]
[Site "Chess.com"]
[Date "2023.08.29"]
[Round "7"]
[White "alturas_pacificas"]
[Black "Chessdreamer2020"]
[Result "0-1"]
[WhiteElo "2416"]
[BlackElo "2525"]
[TimeControl "180+1"]
[EndTime "15:17:00 PDT"]
[Termination "Chessdreamer2020 won on time"]

1. d4 d6 2. Nf3 Bg4 3. e3 Nd7 4. Bc4 e6 5. h3 Bh5 6. b3 d5 7.
Be2 Be7 8. Bb2 h6 9. O-O Ngf6 10. c4 c6 11. Nc3 O-O 12. Nd2 Bg6 13. Nf3 Bd6 14.
Bd3 Bxd3 15. Qxd3 Re8 16. Rad1 Qa5 17. a3 Rad8 18. b4 Qc7 19. c5 Bf8 20. e4 dxe4 21.
Nxe4 Nxe4 22. Qxe4 Nf6 23. Qe5 Nd5 24. Qxc7 Nxc7 25. Nd2 Be7 26. Nc4 Rd7 27. Rfe1 Red8 28. a4 Ne8 29. Kf1 Bf6 30. Re4 Nc7 31. Nd6 Nd5 32.
b5 Be7 33. Nc4 Nf6 34. Ree1 Bxc5 35. bxc6 bxc6 36. Na5 Bb4 37. Nxc6 Bxe1 38. Nxd8 Rxd8 39. Kxe1 Rb8 40. Bc3 Nd5 41. Bd2 Rb3 42. Rc1 Rb7 43. a5 Kf8 44. Ke2 Ke7 45. Rc5 Kd7 46. g4 Rb2 47. Kd3 Ra2 48. f3 Ne7 49. Rb5 Kc8 50.
h4 Nd5 51. Rc5+ Kd7 52. h5 Rb2 53. Rc1 Rb3+ 54. Ke2 Rb2 55. Kd3 Ne7 56. Rc4 Nc6 57. Rc3 Ra2 58. Rc5 Ra3+ 59. Ke2 Nxd4+ 60. Kd1 Nxf3 61.
Rb5 Rd3 0-1

[Event "Late-Titled-Tuesday-Blitz-August-29-2023"]
[Site "Chess.com"]
[Date "2023.08.29"]
[Round "7"]
[White "gordonzyxu"]
[Black "GreatOwl02"]
[Result "0-1"]
[WhiteElo "2103"]
[BlackElo "2392"]
[TimeControl "180+1"]
[EndTime "15:17:03 PDT"]
[Termination "GreatOwl02 won by checkmate"]

1. e4 e5 2. Nf3 Nc6 3. Bb5 a6 4.
Ba4 d6 5. O-O g6 6. c3 Bg7 7. d4 Bd7 8. Re1 Nf6 9. Bg5 h6 10.
Bh4 b5 11. Bc2 O-O 12. a4 Re8 13. Nbd2 exd4 14. cxd4 g5 15. Bg3 g4 16. d5 gxf3 17. dxc6 Bxc6 18. Qxf3 Qd7 19. axb5 axb5 20. Bh4 Rxa1 21.
Rxa1 Qg4 22. Qxg4 Nxg4 23. Rb1 Bd4 24. h3 Ne5 25. Kf1 b4 26. f4 Bb5+ 27. Ke1 Nd3+ 28.
Kd1 Nxb2+ 29. Kc1 c5 30. Rxb2 Bxb2+ 31. Kxb2 c4 32. Nf3 Bc6 33. Bd1 Bxe4 34. Nd4 Bxg2 35. Nf5 d5 36. Nxh6+ Kf8 37. Nf5 Be4 38. Nd6 Re6 39.
Nxe4 Rxe4 40. Bf3 Rd4 41. Bg5 Rd2+ 42. Kc1 c3 43. f5 Rd3 44. Be2 Rxh3 45. Bf4 b3 46.
Bd6+ Kg8 47. Ba3 Rh1+ 48. Bd1 c2 49. Kb2 Rxd1 50. Kxb3 c1=Q 51. Bxc1 Rxc1 52. Kb4 Rf1 53. Kc5 Rxf5 54. Kd4 Kg7 55. Kd3 Kg6 56. Kd4 Rg5 57.
Ke3 f6 58. Kd4 f5 59. Ke3 Rg4 60. Kf3 Kg5 61. Ke3 f4+ 62. Kf3 Rg3+ 63. Ke2 Kf5 64. Kf2 Kg4 65. Ke2 f3+ 66. Kf2 Rg2+ 67. Kf1 Kg3 68.
Ke1 Ra2 69. Kf1 d4 70. Kg1 d3 71. Kf1 Ra1# 0-1

[Event "Late-Titled-Tuesday-Blitz-August-29-2023"]
[Site "Chess.com"]
[Date "2023.08.29"]
[Round "7"]
[White "powermove"]
[Black "Onthequiet"]
[Result "1-0"]
[WhiteElo "2093"]
[BlackElo "2358"]
[TimeControl "180+1"]
[EndTime "15:17:04 PDT"]
[Termination "powermove won on time"]

1. e4 c6 2. d4 d5 3. e5 Bf5 4.
h4 h6 5. g4 Be4 6. f3 Bh7 7. e6 Qd6 8. exf7+ Kxf7 9. Be3 Nf6 10. c3 Nbd7 11. Bd3 Bxd3 12. Qxd3 e5 13. Qf5 Qe6 14. Qxe6+ Kxe6 15. Ne2 Bd6 16. Nd2 Rae8 17. Kf2 e4 18. g5 exf3 19. gxf6 fxe2 20. fxg7 Rh7 21.
Rhg1 Rg8 22. Kxe2 Rhxg7 23. Rxg7 Rxg7 24. Bxh6 Rg2+ 25. Kd3 c5 26. Re1+ Kf7 27. Rf1+ Kg6 28. Bg5 c4+ 29. Kc2 b5 30. Re1 Kf7 31. Kb1 b4 32. Nf3 a5 33. Rf1 Ke8 34. Re1+ Kf7 35. Rf1 Kg8 36. Re1 Rf2 37. Re6 Bf8 38. Ne5 Re2 39.
Re8 Nxe5 40. dxe5 Kf7 41. Ra8 bxc3 42. bxc3 Rxe5 43. Rxa5 Ke6 44. Ra6+ Kd7 45. Rf6 Ba3 46. Rf7+ Kc6 47. Rf6+ Kb5 48. Rf1 Re2 49. Rh1 Bb2 50. h5 Bxc3 51. h6 Bh8 52. h7 1-0

[Event "Late-Titled-Tuesday-Blitz-August-29-2023"]
[Site "Chess.com"]
[Date "2023.08.29"]
[Round "7"]
[White "Incognito_Knight"]
[Black "AryanTari"]
[Result "0-1"]
[WhiteElo "2802"]
[BlackElo "2933"]
[TimeControl "180+1"]
[EndTime "15:17:05 PDT"]
[Termination "AryanTari won on time"]

1. b3 d5 2. Bb2 Bf5 3. d3 c5 4.
Nd2 Nf6 5. Ngf3 Nc6 6. g3 e6 7. Bg2 h6 8. O-O Bh7 9. a3 Be7 10. c4 d4 11. b4 O-O 12. bxc5 e5 13. Nb3 Nd7 14. Nfd2 Nxc5 15. Nxc5 Bxc5 16. Nb3 Be7 17. a4 a5 18. Ba3 Bxa3 19. Rxa3 Qe7 20. Ra1 Nb4 21.
Qd2 Rfd8 22. Rab1 Nc6 23. Bd5 e4 24. dxe4 Bxe4 25. Bxe4 Qxe4 26. Nc5 Qe7 27. Rb5 Na7 28. Nxb7 Nxb5 29. Nxd8 Na7 30. Nxf7 Qxf7 31. Qxd4 Rc8 32. c5 Nc6 33. Qd6 Qc7 34. Qe6+ Kh8 35. Rd1 Nb4 36. Rc1 Qc6 37. Qf7 Qxa4 38. Rc4 Qa1+ 39. Kg2 Qf6 40. Qa7 Qc6+ 41. f3 Re8 42. e4 Ra8 43.
Qf7 Nd3 44. Rd4 Ne5 45. Qd5 Qxd5 46. exd5 a4 47. c6 a3 48. d6 Nxc6 49. Rc4 a2 0-1

[Event "Late-Titled-Tuesday-Blitz-August-29-2023"]
[Site "Chess.com"]
[Date "2023.08.29"]
[Round "7"]
[White "djano"]
[Black "Kombinator01"]
[Result "1-0"]
[WhiteElo "2577"]
[BlackElo "2450"]
[TimeControl "180+1"]
[EndTime "15:17:07 PDT"]
[Termination "djano won by resignation"]

1. e4 c5 2. Nc3 Nc6 3. Bb5 Nd4 4. Nf3 Nxb5 5. Nxb5 a6 6. Nc3 e6 7. d4 cxd4 8. Qxd4 Qc7 9. Bg5 h6 10. Be3 Ne7 11.
O-O-O Nc6 12. Qd3 Be7 13. Kb1 b5 14. Rhe1 d6 15. Bf4 Ne5 16. Qd4 O-O 17. Nxe5 dxe5 18. Bxe5 Qc5 19. Bxg7 Qxd4 20. Bxd4 Bb7 21. f3 Bc6 22.
Be3 Kh7 23. Ne2 Rg8 24. g3 a5 25. Nd4 Be8 26. c3 Rc8 27. Nb3 Ra8 28. Bc5 Bf6 29. Bd4 Be7 30. Bc5 Bf6 31. e5 Bg5 32. f4 Bd8 33.
Rd2 Bc6 34. Nd4 Bd5 35. Nxb5 Kg6 36. Nd6 a4 37. c4 Bc6 38. a3 Rh8 39. Bb4 Rh7 40.
Kc1 h5 41. h3 Bb6 42. c5 Bc7 43. Rf2 Rg7 44. Ref1 Bd5 45. f5+ Kh7 46. fxe6 Bxd6 47. exd6 Bxe6 48. c6 Rc8 49. c7 Bxh3 50. Rh1 Bg4 51.
Rf4 Kg8 52. Kd2 Rg5 53. Kc3 Rd5 54. Rd4 Rxd4 55. Kxd4 Kg7 56. Kc5 Kg6 57. Kc6 Bf3+ 58. Kd7 Bg4+ 59. Ke7 f6 60. Rc1 1-0

[Event "Late-Titled-Tuesday-Blitz-August-29-2023"]
[Site "Chess.com"]
[Date "2023.08.29"]
[Round "7"]
[White "Dr_crypt"]
[Black "Petukhov_Dmitry"]
[Result "0-1"]
[WhiteElo "2332"]
[BlackElo "2525"]
[TimeControl "180+1"]
[EndTime "15:17:09 PDT"]
[Termination "Petukhov_Dmitry won on time"]

1. d4 Nf6 2. c4 g6 3. Nc3 d5 4. Nf3 Bg7 5. Bg5 Ne4 6. cxd5 Nxg5 7. Nxg5 e6 8. Qa4+ Bd7 9. Qb3 Qxg5 10. Qxb7 Bxd4 11. Qxa8 O-O 12. e3 Bb6 13. dxe6 Bc6 14. exf7+ Kh8 15. h4 Qe5 16. Qxc6 Nxc6 17. Bc4 Bxe3 18.
fxe3 Qxe3+ 19. Ne2 Nd4 20. Rh3 Nc2+ 21. Kd1 Qe4 22. Bd3 Ne3+ 23. Kd2 Nc4+ 24. Kc3 Qxg2 25. Rg3 Qf2 26. Kxc4 Rxf7 27. Rag1 Rf6 28. h5 Rc6+ 29. Kb4 Qb6+ 30. Bb5 a6 31. Rg5 axb5 32. h6 Re6 33. Nc3 c6 34. Rd1 Qc7 35. Rf1 Qe7+ 36.
Kb3 Rd6 37. Ne4 Rd8 38. Re1 Re8 39. a3 Qxg5 40. Nxg5 Rxe1 41. Kb4 Rg1 42. Ne6 Rh1 0-1

[Event "Late-Titled-Tuesday-Blitz-August-29-2023"]
[Site "Chess.com"]
[Date "2023.08.29"]
[Round "7"]
[White "GoltsevDmitry2000"]
[Black "Kacparov"]
[Result "0-1"]
[WhiteElo "2633"]
[BlackElo "2913"]
[TimeControl "180+1"]
[EndTime "15:17:10 PDT"]
[Termination "Kacparov won by resignation"]

1. e4 c5 2. Nf3 e6 3. d4 cxd4 4.
Nxd4 a6 5. Nc3 Qc7 6. Be2 Nf6 7. a3 d6 8. O-O b5 9. f4 Bb7 10. Bf3 Nbd7 11. Nb3 Be7 12. Be3 O-O 13. Qe2 Rac8 14. Rad1 Rfd8 15. Qf2 Nc5 16. Nxc5 dxc5 17. e5 Nd7 18.
Ne4 Bxe4 19. Bxe4 Nb6 20. b3 g6 21. g4 Rxd1 22. Rxd1 Rd8 23. Rxd8+ Qxd8 24. Qd2 Qc7 25. Qa5 Qd8 26. Qd2 Qc8 27. Qa5 Nd5 28. Qd2 c4 29. b4 c3 30. Qd4 Nxe3 31. Qxe3 a5 32. Qd4 axb4 33. axb4 Kg7 34. Kg2 h6 35. f5 gxf5 36. gxf5 exf5 37. Bd5 Qd8 38. Qd3 Bxb4 39.
Qg3+ Kf8 40. Bb3 Qd2+ 41. Qf2 Bc5 42. Qxd2 cxd2 43. c3 Ba3 44. Kf3 Bb2 45. Ke2 Bxc3 46. e6 fxe6 47. Bxe6 f4 48. Bd5 Ke7 49. Kd1 Kd6 50. Bf3 Ke5 51. Be2 b4 52. Kc2 Kd4 53. Bh5 Ke3 54. Bf7 f3 55. Bd5 Be5 56. h3 f2 57. Bc4 b3+ 58. Kd1 b2 59. Kc2 d1=Q+ 0-1

[Event "Late-Titled-Tuesday-Blitz-August-29-2023"]
[Site "Chess.com"]
[Date "2023.08.29"]
[Round "7"]
[White "Meri-Arabidze"]
[Black "Zkid"]
[Result "1/2-1/2"]
[WhiteElo "2618"]
[BlackElo "2833"]
[TimeControl "180+1"]
[EndTime "15:17:10 PDT"]
[Termination "Game drawn by repetition"]

1. Nf3 d5 2. b3 Nf6 3. Bb2 c6 4. g3 Bg4 5. Bg2 Nbd7 6. O-O e6 7. d3 Be7 8. Nbd2 a5 9. a3 O-O 10. c4 Re8 11. h3 Bh5 12. g4 Bg6 13. Nh4 Bf8 14. Nxg6 hxg6 15. Rc1 Nc5 16. Qc2 Qb6 17. d4 Ncd7 18. Rfe1 a4 19. b4 Qd8 20. e3 Nb6 21. g5 Nh5 22. f4 Ng3 23. c5 Nc8 24. Nf3 Ne7 25. Ne5 Nef5 26. Bc3 Qc7 27. Bf3 Kh7 28.
Bg4 f6 29. Nf3 Ne4 30. h4 b6 31. Nd2 Nxc3 32. Qxc3 bxc5 33. bxc5 e5 34. h5 Qf7 35. dxe5 fxe5 36. hxg6+ Qxg6 37. Nf3 Ng3 38. Nxe5 Qe4 39. Bf3 Qf5 40. Kg2 Ne4 41. Rh1+ Kg8 42. Qd3 Rab8 43.
Bxe4 Qxe4+ 44. Qxe4 dxe4 45. Nxc6 Rb3 46. Ne5 Rxe3 47. c6 Bxa3 48. Rc4 Bd6 49. Rd1 Bxe5 50. fxe5 Rd3 51. Rb1 Rc8 52. c7 Rb3 53. Rd1 Rd3 54. Rb1 Rb3 55. Rd1 Rd3 56. Rb1 1/2-1/2

[Event "Late-Titled-Tuesday-Blitz-August-29-2023"]
[Site "Chess.com"]
[Date "2023.08.29"]
[Round "7"]
[White "reevecanada"]
[Black "Ajedrecista3000"]
[Result "0-1"]
[WhiteElo "2542"]
[BlackElo "2701"]
[TimeControl "180+1"]
[EndTime "15:17:13 PDT"]
[Termination "Ajedrecista3000 won by checkmate"]

1. e4 e5 2. Nf3 Nc6 3. d4 exd4 4. Nxd4 Nf6 5. Nxc6 bxc6 6. Nd2 Bc5 7. Be2 O-O 8. e5 Nd5 9. Nb3 Be7 10. c4 Nb6 11. c5 Nd5 12. Bf3 Ba6 13. Bxd5 cxd5 14. Qxd5 Re8 15.
Be3 d6 16. O-O-O dxe5 17. Qc6 Qc8 18. Na5 Rb8 19. Rd2 Bb5 20. Qe4 Qa6 21. b4 Qe6 22. Qd5 Qg6 23. Rhd1 Ba4 24. a3 Bxd1 25. Kxd1 Rbd8 26.
Qc6 Qb1+ 27. Ke2 Rxd2+ 28. Bxd2 Rd8 29. Qf3 e4 30. Qe3 Rd3 31. Qf4 Qc2 32. Nc6 Bf6 33. g3 g5 34. Qxf6 Qxd2+ 35. Kf1 Qd1+ 36. Kg2 Qf3+ 37. Qxf3 exf3+ 38. Kh3 Rxa3 39. Kg4 Kg7 40. Nd4 Kg6 41. b5 f5+ 42. Kh3 Ra2 43. g4 Rxf2 44. Nxf5 Rb2 45. Kg3 f2 46. Ne3 Rxb5 47. Kxf2 Rxc5 48.
Kf3 Kf6 49. Ke4 Re5+ 50. Kd4 Rxe3 51. Kxe3 Ke5 52. h3 c5 53. Kd3 Kf4 54. Kc4 Kg3 55. h4 Kxh4 56. Kxc5 Kxg4 57. Kb5 h5 58. Ka5 h4 59. Ka6 h3 60. Kxa7 h2 61. Kb8 h1=Q 62. Ka7 Qf3 63. Kb8 Kf4 64. Ka7 g4 65. Kb8 Qc3 66.
Ka7 Qb4 67. Ka8 g3 68. Ka7 Ke5 69. Ka8 Kd6 70. Ka7 Kc7 71. Ka8 Qb7# 0-1

[Event "Late-Titled-Tuesday-Blitz-August-29-2023"]
[Site "Chess.com"]
[Date "2023.08.29"]
[Round "7"]
[White "newyorkmouse"]
[Black "Zampronha1971"]
[Result "0-1"]
[WhiteElo "2460"]
[BlackElo "2313"]
[TimeControl "180+1"]
[EndTime "15:17:17 PDT"]
[Termination "Zampronha1971 won by checkmate"]

1. d4 Nf6 2. c4 e6 3. g3 d5 4. Nf3 Bb4+ 5. Bd2 a5 6. Bg2 O-O 7. O-O b6 8. Qc2 Ba6 9. Ne5 c6 10. Nc3 Nfd7 11. cxd5 cxd5 12. Nd3 Bxc3 13. Bxc3 Nc6 14.
Rac1 Rc8 15. Qb1 Qe7 16. a3 Rc7 17. Bd2 Rfc8 18. Bf4 Ra7 19. Be3 Rac7 20. Rc3 Ncb8 21. Rfc1 Rxc3 22. Rxc3 Rxc3 23. bxc3 Qxa3 24. Qc2 h6 25.
Ne5 Nxe5 26. dxe5 Nd7 27. f4 Bc4 28. Bd4 Qb3 29. Qc1 a4 30. e4 a3 31. exd5 exd5 32. e6 fxe6 33. Qe1 Nf8 34. Qe5 Qb1+ 35. Kf2 Qc2+ 36. Kg1 Qg6 37. Qc7 a2 38. Qa7 Nd7 39. Bf1 Bxf1 40. Kxf1 Qb1+ 41. Kf2 a1=Q 42. Qxa1 Qxa1 43.
Kf3 Qd1+ 44. Kg2 e5 45. fxe5 Qe2+ 46. Kh3 Nxe5 47. Bxb6 Qg4+ 48. Kg2 Qc4 49. Bd4 Nc6 50. Bf2 Qxc3 51. h4 d4 52. h5 d3 53. g4 d2 54. g5 Qc2 55. gxh6 gxh6 56. Bg1 d1=Q+ 57. Kh1 Qxh5+ 58. Bh2 Qhxh2# 0-1

[Event "Late-Titled-Tuesday-Blitz-August-29-2023"]
[Site "Chess.com"]
[Date "2023.08.29"]
[Round "7"]
[White "Fleetw00dMac"]
[Black "IMRosen"]
[Result "0-1"]
[WhiteElo "2466"]
[BlackElo "2616"]
[TimeControl "180+1"]
[EndTime "15:17:21 PDT"]
[Termination "IMRosen won by resignation"]

1. d4 d5 2. c4 e6 3. Nc3 Nf6 4. cxd5 exd5 5. Bg5 c6 6. e3 Bd6 7. Bd3 h6 8. Bh4 O-O 9. Qc2 Re8 10. Nge2 a5 11. h3 Na6 12. a3 Nc7 13. O-O Ne6 14.
Bg3 Bxg3 15. Nxg3 h5 16. Na4 h4 17. Nf5 Nh5 18. Be2 Qg5 19. Bxh5 Qxh5 20. Nd6 Rd8 21.
Nxc8 Raxc8 22. Nc5 Nxc5 23. Qxc5 a4 24. Rac1 Qg6 25.
Qe7 b5 26. Qxh4 Rd6 27. Qg4 f5 28. Qxg6 Rxg6 29. g3 Re8 30. Rc3 Ree6 31. Ra1 Re4 32. Kf1 Re8 33. Rac1 Ree6 34. b3 axb3 35. Rxb3 Rh6 36.
h4 g5 37. Rbc3 gxh4 38. gxh4 Kf7 39. Kg2 Reg6+ 40. Kf3 Ke7 41. a4 bxa4 42. Ra3 Rxh4 43. Rxa4 Rh3+ 44. Ke2 f4 45. Ra7+ Ke6 46. Rxc6+ Kf5 47.
Rxg6 Kxg6 48. Rd7 f3+ 49. Kd3 Rh2 50. Rxd5 Rxf2 51. Ke4 Rf1 52. Rf5 f2 53. Rf4 Kg5 54. Kd3 Rd1+ 55. Ke2 Rb1 56. Rxf2 Rb2+ 57. Kf3 Rb3 58. Ke4 Rb8 59. Rf5+ Kg6 60. Re5 Kf6 61.
d5 Rb4+ 62. Kd3 Kxe5 0-1

[Event "Late-Titled-Tuesday-Blitz-August-29-2023"]
[Site "Chess.com"]
[Date "2023.08.29"]
[Round "7"]
[White "XiaoKangZhong"]
[Black "ExchangeAB"]
[Result "1-0"]
[WhiteElo "2558"]
[BlackElo "2430"]
[TimeControl "180+1"]
[EndTime "15:17:21 PDT"]
[Termination "XiaoKangZhong won by resignation"]

1. e4 c6 2. Nf3 d5 3. exd5 cxd5 4. Ne5 Nf6 5. d4 g6 6. c4 Bg7 7. Nc3 O-O 8. Be2 Nc6 9. Nxc6 bxc6 10. O-O a5 11. c5 Ba6 12. Bxa6 Rxa6 13. Re1 Nd7 14. Qd3 Ra8 15. Na4 e5 16. dxe5 Nxe5 17. Qc2 Re8 18. Bf4 Qf6 19. Bg3 Nc4 20. b3 Na3 21. Qd2 Qxa1 22.
Rxa1 Bxa1 23. h4 Re6 24. Qc1 Rae8 25. Qxa3 f5 26. Nb6 Bc3 27. Qa4 Bb4 28. Bd6 d4 29. Qxc6 d3 30. Nc4 d2 31. Qd5 Kg7 32. Nxd2 Re1+ 33.
Kh2 R1e2 34. Nf3 Bc3 35. c6 Rc8 36. c7 Bf6 37. Qb7 Ree8 38. Qc6 h6 39. Qd7+ Kg8 40. Ne5 Rf8 41. Bxf8 Bxe5+ 42. f4 Rxc7 43. Qd5+ Rf7 44. fxe5 Kxf8 45. Qd8+ Kg7 46. Qxa5 Re7 47. Qd5 g5 48. hxg5 hxg5 49. Qd6 Rf7 50. a4 g4 51. a5 f4 52.
e6 Rf5 53. e7 g3+ 54. Kg1 Rxa5 55. Qd4+ Kf7 56. Qxf4+ Kxe7 57. Qxg3 Rd5 58. Qe3+ Kd6 59.
Qb6+ Ke5 60. Kf2 Kf4 61. Qe3+ Kf5 62. Qf3+ Ke5 63. Qxd5+ Kxd5 64. Kf3 1-0

[Event "Late-Titled-Tuesday-Blitz-August-29-2023"]
[Site "Chess.com"]
[Date "2023.08.29"]
[Round "7"]
[White "dennisodessa"]
[Black "Schwindle"]
[Result "1-0"]
[WhiteElo "2539"]
[BlackElo "2408"]
[TimeControl "180+1"]
[EndTime "15:17:30 PDT"]
[Termination "dennisodessa won by resignation"]

1. d4 Nf6 2. c4 e6 3. Nc3 Bb4 4. Qc2 Nc6 5. Nf3 d6 6. Bd2 O-O 7. a3 Bxc3 8. Bxc3 Qe7 9. e3 e5 10.
Be2 h6 11. O-O Re8 12. Rad1 e4 13. Nd2 Bf5 14. b4 d5 15. b5 Nd8 16. cxd5 Nxd5 17.
Nc4 Qg5 18. Rfe1 Re6 19. Bb2 h5 20. Qb3 Bh3 21. g3 h4 22. Ne5 Nb6 23. Qc2 Bf5 24. g4 f6 25. Kh1 Bh7 26. Nc4 Nd5 27. h3 Nf7 28. Rg1 Kh8 29. Na5 f5 30. Bc4 f4 31.
Bxd5 Qxd5 32. Qc4 Qxc4 33. Nxc4 fxe3 34. fxe3 Ng5 35. Kg2 Nf3 36. Rgf1 Rf8 37. Ne5 Kg8 38. a4 Nxe5 39. dxe5 Bg6 40. Rxf8+ Kxf8 41. Rd8+ Kf7 42. Rb8 b6 43. Rb7 Re7 44. Rxa7 Ke6 45. Bd4 Be8 46. Ra8 Kd7 47. Ra7 Kc8 48. Bxb6 Rxe5 49. Rxc7+ Kb8 50. Rxg7 Rd5 51. Bd4 Rd8 52. Rg8 Rc8 53.
g5 Rc2+ 54. Kf1 Rc8 55. g6 Bxb5+ 56. axb5 Rxg8 57. g7 Kb7 58. b6 Kc6 59. Ke2 Kd7 60.
Kd2 Ke6 61. Kc3 Kf7 62. Kc4 Ke6 63. Kc5 Kf5 64. b7 Ke6 65. Kc6 Ke7 66. Kc7 Kf7 67.
b8=Q 1-0

[Event "Late-Titled-Tuesday-Blitz-August-29-2023"]
[Site "Chess.com"]
[Date "2023.08.29"]
[Round "7"]
[White "Msb2"]
[Black "alexrustemov"]
[Result "0-1"]
[WhiteElo "3005"]
[BlackElo "2888"]
[TimeControl "180+1"]
[EndTime "15:17:34 PDT"]
[Termination "alexrustemov won by checkmate"]

1. d4 d5 2. c4 c6 3. Nf3 Nf6 4. Nc3 a6 5. Qc2 g6 6. Bg5 Bg7 7. Bxf6 Bxf6 8. cxd5 O-O 9. e4 cxd5 10. e5 Bg7 11. h4 Nc6 12. h5 Bf5 13. Qd2 f6 14.
hxg6 hxg6 15. Bd3 fxe5 16. dxe5 e6 17. O-O-O Rc8 18. Bxf5 Rxf5 19. Kb1 Nxe5 20. Nd4 Rf6 21. Qe2 Qb6 22. Nxd5 exd5 23. Qxe5 Rxf2 24. Qxd5+ Kf8 25. b3 Bxd4 26. Rxd4 Qf6 27. Rhd1 Rcc2 28. Qa5 Rb2+ 29. Ka1 Rxa2+ 30. Qxa2 Rxa2+ 31. Kxa2 Kg7 32. R1d2 Qb6 33. Rd6 Qa5+ 34. Kb2 Kh6 35. R6d4 Qe5 36. Ka2 b5 37. Rd6 a5 38. R6d5 Qc3 39. R5d3 Qb4 40. Rd4 Qc3 41. R4d3 Qc1 42. Rh3+ Kg7 43. Rd7+ Kf6 44. Rd6+ Ke5 45. Rhd3 Qc2+ 46. Ka1 a4 47. R6d5+ Kf6 48. bxa4 bxa4 49. g4 a3 50. g5+ Ke6 51. Rd6+ Ke5 52. R6d5+ Ke4 53.
R5d4+ Kf5 54. Rd5+ Kg4 55. Rxa3 Qc1+ 56. Ka2 Qc4+ 57.
Rb3 Qxd5 58. Ka3 Qxb3+ 59. Kxb3 Kxg5 60. Kc2 Kf4 61. Kd3 Kf3 62. Kd2 Kf2 63. Kd3 g5 64.
Ke4 g4 65. Kf5 g3 66. Kf6 g2 67. Kf7 g1=Q 68. Kf8 Qg6 69. Ke7 Ke3 70. Kd8 Kd4 71.
Kc7 Kc5 72. Kd8 Kd6 73. Kc8 Qf7 74. Kb8 Kc6 75. Kc8 Qc7# 0-1

[Event "Late-Titled-Tuesday-Blitz-August-29-2023"]
[Site "Chess.com"]
[Date "2023.08.29"]
[Round "7"]
[White "ozates"]
[Black "KNVB"]
[Result "0-1"]
[WhiteElo "2578"]
[BlackElo "2817"]
[TimeControl "180+1"]
[EndTime "15:17:34 PDT"]
[Termination "KNVB won by resignation"]

1. e4 c5 2. Nf3 e6 3. g3 Nc6 4.
Bg2 Nf6 5. d3 d5 6. Nbd2 g6 7. O-O Bg7 8. exd5 Nxd5 9. Ne4 b6 10.
Bg5 Qc7 11. c4 Nde7 12. Bf6 O-O 13. Qd2 Bb7 14. Qc3 Nf5 15. Bxg7 Nxg7 16. Nf6+ Kh8 17.
Ng5 h6 18. Ngh7 Rfd8 19. Qd2 Nf5 20. g4 Kg7 21. gxf5 exf5 22. Rae1 Nd4 23. Qe3 Bxg2 24. Kxg2 Rh8 25. Qe5 Qxe5 26. Rxe5 Rxh7 27. Nxh7 Kxh7 28. Re7 Kg7 29. Rfe1 Kf6 30. Rd7 Ne6 31. a3 a5 32.
Rd6 Rb8 33. f4 Ke7 34. Rd5 Kf6 35. Kf3 Rb7 36. b4 axb4 37. axb4 Ra7 38. b5 Ke7 39.
d4 cxd4 40. Rxd4 Ra3+ 41. Kf2 Ra2+ 42. Kg1 Kf6 43. Rd6 Rc2 44. Rc6 Kg7 45. Rxb6 Nxf4 46. Rc6 Nh3+ 47. Kh1 Nf2+ 48. Kg1 Nd3 49. Rd1 Ne5 50. Rc7 Nf3+ 51. Kf1 Nxh2+ 52. Kg1 Nf3+ 53. Kf1 g5 54. Rdd7 g4 55. Rxf7+ Kg6 56. Rg7+ Kf6 57. Rcf7+ Ke6 58. Re7+ Kf6 59. Rgf7+ Kg5 60. Rg7+ Kf4 61. Re2 Rc1+ 62. Kf2 Rxc4 63. Rb2 Ne5 64. b6 Nd3+ 65. Ke2 Nxb2 66. b7 Rb4 67. Kd2 Na4 68. Kd3 Rxb7 69. Rxb7 Nc5+ 0-1

[Event "Late-Titled-Tuesday-Blitz-August-29-2023"]
[Site "Chess.com"]
[Date "2023.08.29"]
[Round "7"]
[White "Oleksandr_Bortnyk"]
[Black "EsmeraldasAnderson03"]
[Result "0-1"]
[WhiteElo "3004"]
[BlackElo "2421"]
[TimeControl "180+1"]
[EndTime "15:17:34 PDT"]
[Termination "EsmeraldasAnderson03 won on time"]

1. d4 d5 2. Nc3 Nf6 3. Bf4 a6 4. e3 e6 5. Nf3 b5 6. a3 Bd6 7. b4 O-O 8. Ne5 Bb7 9. Bd3 Nbd7 10. Qf3 Nb6 11. Bg5 Be7 12. Qh3 Ne4 13. Bxe7 Qxe7 14.
f3 f6 15. fxe4 dxe4 16. Nxe4 fxe5 17. Nc5 e4 18. Nxe4 g6 19. Nc5 Bd5 20. e4 Bc4 21.
Bxc4 Nxc4 22. Qxe6+ Rf7 23. Qxe7 Rxe7 24. O-O a5 25. c3 c6 26. e5 Ne3 27. Rf3 Nd5 28. Raf1 axb4 29. axb4 Ra3 30. h4 Rxc3 31. Rf8+ Kg7 32.
Kh2 Rc4 33. R1f7+ Kh6 34. Ne6 Rxe6 35. Rh8 Kh5 36. Kh3 Rc3+ 37. g3 h6 38. Rhf8 g5 39.
hxg5 hxg5 40. Rh8+ Rh6 41. Rxh6+ Kxh6 42. Kg4 Rc4 43. Kf5 Rxd4 44. Rf8 Rxb4 45. Rh8+ Kg7 46. Rd8 g4 47. Rd7+ Kf8 48. Rd6 Rc4 49. e6 b4 50.
Rd8+ Ke7 51. Rd7+ Ke8 52. Rb7 Kd8 53. Ke5 Kc8 54. Ra7 b3 55. Ra8+ Kb7 56. Ra1 b2 57.
Rb1 Rb4 58. Kd6 Kb6 59. Kd7 Kb5 60. Kd6 Rb3 61. Kd7 c5 62. Kd6 Kc4 63. Ke5 Rb6 64.
Kf5 Rb7 65. Ke5 Nc3 66. e7 Nxb1 67. e8=Q Nc3 68. Qe6+ Kb4 69. Qc6 Rb5 0-1

[Event "Late-Titled-Tuesday-Blitz-August-29-2023"]
[Site "Chess.com"]
[Date "2023.08.29"]
[Round "7"]
[White "vladgoncharov"]
[Black "Fore_Man"]
[Result "1-0"]
[WhiteElo "2501"]
[BlackElo "2307"]
[TimeControl "180+1"]
[EndTime "15:17:35 PDT"]
[Termination "vladgoncharov won by checkmate"]

1. d4 f5 2. g3 Nf6 3. Bg2 e6 4. Nf3 d5 5. O-O c6 6. b3 Bd6 7. Bb2 Ne4 8. Ne5 O-O 9. e3 Nd7 10. Nd2 Nxe5 11. dxe5 Be7 12. Nf3 g5 13. c4 g4 14. Nd4 Ng5 15. Ne2 Qc7 16. Nf4 Bd7 17.
cxd5 exd5 18. Rc1 Qd8 19. f3 Bc5 20. Bd4 Bb6 21. Kh1 Rc8 22. fxg4 fxg4 23. e6 Rxf4 24. Rxf4 Bxe6 25. Bf6 Qe8 26. Bxg5 Bxe3 27. Rxg4 Bxg4 28.
Qxg4 Bxc1 29. Bxc1+ Kf7 30. Qf5+ Kg8 31. Qg5+ Kf7 32.
h4 Qe1+ 33. Kh2 Rg8 34. Qf5+ Ke8 35. Bf4 Qe7 36. Qc8+ Kf7 37. Qf5+ Ke8 38. Bf3 Rf8 39. Qc8+ Kf7 40. Bh5+ Kg7 41. Qg4+ Kh8 42. Kh3 Qf6 43. Qe2 Qf5+ 44. Bg4 Qe4 45. Qb2+ Kg8 46. Qc1 d4 47. Qc4+ Kg7 48. Be2 Qh1+ 49. Kg4 Qe4 50. Bd3 Qd5 51. Qxd5 cxd5 52. Be5+ Kg8 53. Bxd4 Re8 54.
Bf5 Re1 55. h5 Rd1 56. Bxa7 Rd2 57. a4 Rf2 58. Be6+ Kf8 59. Bxf2 Ke7 60. Bxd5 Kd6 61.
Be4 b6 62. Bxh7 Kc7 63. h6 Kb7 64. Be4+ Ka6 65. h7 Ka5 66. h8=Q b5 67. Qd4 bxa4 68. b4+ Kb5 69. Qc5+ Ka6 70. Qb6# 1-0